 Dungeon Crawl Stone Soup version 0.31-a0-182-gc5ef74b (webtiles) character file.

Game seed: 13985788222687788659

3 Dawnplanks the Ruffian (level 1, 0/19 HPs)
             Began as an Ogre Transmuter on June 20, 2023.
             Slain by a ball python (1 damage)
             ... on level 1 of the Dungeon.
             The game lasted 00:00:30 (87 turns).

Dawnplanks the Ruffian (Ogre Transmuter)              Turns: 87, Time: 00:00:30

Health: 0/19       AC:  3    Str: 13    XL:     1   Next: 50%
Magic:  2/4        EV:  9    Int: 14    God:
Gold:   12         SH:  0    Dex:  9    Spells: 4/5 levels left

rFire   . .          .
                       - Unarmed
rCold   . . .        (no shield)
rNeg    . . .        a - +0 robe
rPois   .            (helmet currently unavailable)
rElec   .            (no cloak)
rCorr   .            (gloves unavailable)
SInv    .            (boots unavailable)
Will    .....        (no amulet)
Stlth   +            (no ring)
HPRegen 0.23/turn    (no ring)
MPRegen 0.09/turn

%: no passive effects
@: lethally poisoned (0 -> -7), appendages (expiring)
A: horns 2, talons 2, large, unfitting armour, tough skin 1
a: End Transformation


You were on level 1 of the Dungeon.
You had temporarily grown beastly horns and talons.
You visited 1 branch of the dungeon, and saw 1 of its levels.

You collected 12 gold pieces.

Inventory:

Armour
 a - a +0 robe (worn)
Scrolls
 c - a scroll of identify {unknown}
Potions
 b - a potion of lignification


   Skills:
 + Level 1.3 Fighting
 + Level 1.8 Dodging
 + Level 2.8 Unarmed Combat
 + Level 2.5 Spellcasting
 + Level 1.8 Transmutations


You had 4 spell levels left.
You knew the following spells:

 Your Spells              Type           Power      Damage    Failure   Level
a - Beastly Appendage     Tmut           12%        N/A       11%         1

Your spell library contained the following spells:

 Spells                   Type           Power      Damage    Failure   Level
 Wereblood                Tmut           6%         N/A       16%         2
 Spider Form              Tmut/Pois      4%         N/A       43%         3
 Vhi's Electric Charge    Tloc/Air       2%         N/A       56%         3
 Ice Form                 Ice/Tmut       4%         N/A       83%         4
 Arcjolt                  Conj/Air       0%         1d10      99%         5
 Maxwell's Capacitive Co  Air            0%         ∞         100%        8


Dungeon Overview and Level Annotations

Branches:
Dungeon (1/15)

Altars:


Innate Abilities, Weirdness & Mutations

You have temporarily grown beastly horns and talons.
You are too large for most types of armour.
You have tough skin. (AC +1)


Message History

A ball python comes into view.
You closely miss the goblin.
The ball python hisses angrily.
Your headbutt misses the goblin.
The goblin hits you with a +2 dagger of venom.
The ball python barely misses you.
You barely miss the goblin. Your headbutt misses the goblin.
Your transformation is almost over.
The ball python bites you but does no damage.
The goblin hits you but does no damage.
You are poisoned.
You closely miss the goblin. Your kick misses the goblin.
You feel sick. The ball python misses you.
The goblin hits you with a +2 dagger of venom.
You closely miss the goblin. Your headbutt misses the goblin.
You feel sick. The goblin hits you but does no damage.
You are lethally poisoned!
You closely miss the goblin. Your kick misses the goblin.
Your headbutt misses the goblin.
You feel very sick.
The ball python bites you but does no damage.
The ball python completely misses you.
The goblin hits you with a +2 dagger of venom.
* * * LOW HITPOINT WARNING * * *
The ball python bites you but does no damage.
You are too injured to fight recklessly!
You are too injured to fight recklessly!
You hit the goblin.
You kill the goblin!
* * * LOW HITPOINT WARNING * * *
You feel sick. The ball python barely misses you.
A kobold comes into view. It is wielding a +0 dagger.
The ball python bites you.
* * * LOW HITPOINT WARNING * * *
The kobold shouts!
You hit the ball python.
You kill the ball python!
* * * LOW HITPOINT WARNING * * *
You feel sick. The ball python bites you.
You die...

...#.# ....#
...^## # # .....
.. .##.
##...##... .....
.......
.##..##)S.#
.......@..#####
..............K
#######.#.#.#####
#................
#####.#.#.#.#####
#.#.#...#
#.#.##..#
#.#.##..#
#.#.##..#.....#


You could see a ball python and a kobold.

Vanquished Creatures
  A giant cockroach (D:1)
  A ball python (D:1)
  A goblin (D:1)
  A kobold (D:1)
  A rat (D:1)
5 creatures vanquished.

Notes
Turn   | Place    | Note
-------+----------+-------------------------------------------
     0 | D:1      | Dawnplanks the Ogre Transmuter began the quest for the Orb.
     0 | D:1      | Reached XP level 1. HP: 19/19 MP: 3/3
    14 | D:1      | Found a faded altar of an unknown god.
    87 | D:1      | Slain by a ball python

Illustrated notes

Levels and vault maps discovered:
D:1:      minmay_arrival_doors, layout_basic, dreamdust_ecumenical_altar_grove,
          minmay_tetromino_l4

Action                     || total
---------------------------++-------
  Melee: Unarmed           ||    13
   Cast: Beastly Appendage ||     2
 Armour: Robe              ||     5
  Dodge: Dodged            ||     5

Table legend: (Time is in decaauts)
 A = Elapsed time spent in this place.
 B = Non-inter-level travel time spent in this place.
 C = Inter-level travel time spent in this place.
 D = Time resting spent in this place.
 E = Time spent auto-exploring this place.
 F = Levels seen in this place.
 G = Mean time per level.
                   A        B        C        D        E       F      G
               +--------+--------+--------+--------+--------+-----+--------+
         Total |     86 |     86 |      0 |      0 |     60 |   1 |   86.0 |
       Dungeon |     86 |     86 |      0 |      0 |     60 |   1 |   86.0 |
               +--------+--------+--------+--------+--------+-----+--------+

Top non-repeatable levels by time:
     D:1: 86 daAuts
